 Dungeon Crawl Stone Soup version 0.23.0-3-gf3c87f2 (webtiles) character file.

Game seed: 10165262414166059098

66 misha the Poker (level 4, -8/34 HPs)
             Began as a Merfolk Gladiator on Feb 20, 2019.
             Killed from afar by Sigmund (9 damage)
             ... with a magic dart
             ... on level 2 of the Dungeon.
             The game lasted 00:07:45 (2023 turns).

misha the Poker (Merfolk Gladiator)                 Turns: 2023, Time: 00:07:46

Health: -8/34      AC:  9    Str: 15    XL:     4   Next: 15%
Magic:  4/4        EV:  8    Int:  7    God:
Gold:   80         SH:  0    Dex: 15    Spells: 3/3 levels left

rFire    . . .     SeeInvis .   n - -1 hunting sling (curse)
rCold    . . .     Gourm    .   (no shield)
rNeg     . . .     Faith    .   e - +0 chain mail
rPois    .         Spirit   .   c - +0 helmet
rElec    .         Reflect  .   (no cloak)
rCorr    .         Harm     .   (no gloves)
MR       .....                  (no boots)
Stlth    ..........             (no amulet)
HPRegen  0.11/turn              (no ring)
MPRegen  0.09/turn              (no ring)

@: no status effects
A: change form in water, swift swim, stealthy swim
a: no special abilities


You were on level 2 of the Dungeon.
You were not hungry.

You visited 1 branch of the dungeon, and saw 2 of its levels.

You collected 80 gold pieces.

Inventory:

Hand Weapons
 a - a +0 trident
 n - a cursed -1 hunting sling (weapon)
 p - a +0 club
 q - a +0 club
 r - a +0 club
 s - a +0 dagger
 t - a +0 club
 u - a +0 whip
Missiles
 d - 3 throwing nets
 g - 13 arrows
 h - 26 stones (quivered)
 k - 7 javelins
Armour
 b - a +0 leather armour
 c - a +0 helmet (worn)
 e - a +0 chain mail (worn)
Jewellery
 o - a cursed -3 ring of intelligence {unknown}
Scrolls
 y - a scroll of remove curse {unknown}
Potions
 i - a potion of haste
 j - a potion of invisibility {unknown}
 l - a potion of curing {unknown}
 m - 2 potions of heal wounds {unknown}
 v - a potion of cancellation {unknown}
 w - 2 potions of might {unknown}
Comestibles
 f - 6 rations


   Skills:
 + Level 2.9 Fighting
 + Level 5.1 Polearms
 + Level 1.3(1.7) Slings
 + Level 2.1(2.4) Throwing
 + Level 0.2 Armour
 + Level 4.6 Dodging


You had 3 spell levels left.
You didn't know any spells.
Your spell library was empty.

Dungeon Overview and Level Annotations

Branches:
Dungeon (2/15)

Altars:

Annotations:
D:2 1 runed translucent door, Crazy Yiuf, Sigmund


Message History

The magic dart hits you but does no damage.
A puff of flame appears from out of thin air!
The puff of flame hits you.
Sigmund gestures wildly while chanting.
Sigmund flickers and vanishes!
You start resting.
Something hits you.
You start resting.
Something hits you.
You start resting.
You hear some strange, mumbled words.
Something tries to affect you, but you resist.
You start resting.
Something hits you!
* * * LOW HITPOINT WARNING * * *
A puff of flame appears from out of thin air!
The puff of flame hits you.
* * * LOW HITPOINT WARNING * * *
A magic dart appears from out of thin air!
The magic dart hits you!
You die...

#..........>#.######
#....[........# #
#.#.######....######
#.#†# #.........#
#.#.# #.........#
###.#.# #........[#
#.....# #....######
#.....# #....# #
#....@# ##.#.#
#.....# #.#.######
#.....# #.#.......
#.....# #.########
#.....# #.# #....{#
#.# #.....#
#.######## #.....#
#......... #.....#
##########


There were no monsters in sight!

Vanquished Creatures
  2 adders (D:2)
  A worm (D:2)
  3 dart slugs (D:1)
  6 giant cockroaches
  7 goblins (D:1)
  5 hobgoblins
  5 bats (D:1)
  4 frilled lizards
  3 kobolds
  2 rats (D:1)
38 creatures vanquished.

Notes
Turn   | Place    | Note
-------+----------+-------------------------------------------
     0 | D:1      | misha the Merfolk Gladiator began the quest for the Orb.
     0 | D:1      | Reached XP level 1. HP: 16/16 MP: 1/1
   192 | D:1      | Reached XP level 2. HP: 23/23 MP: 2/2
   409 | D:1      | Reached XP level 3. HP: 28/28 MP: 3/3
   487 | D:1      | Reached skill level 5 in Polearms
  1633 | D:2      | Reached skill level 1 in Slings
  1633 | D:2      | Reached XP level 4. HP: 34/34 MP: 4/4
  1792 | D:2      | Found a runed translucent door.
  1793 | D:2      | Noticed Crazy Yiuf
  1951 | D:2      | Noticed Sigmund
  2019 | D:2      | HP: 1/34 [something/puff of flame (4)]
  2023 | D:2      | Killed from afar by Sigmund

Skill      XL: |  1  2  3 |
---------------+----------+-----
Polearms       | 5 |  5.1
Slings         | 1 |  1.3
Fighting       | |  2.9
Throwing       | |  2.1
Armour         | |  0.2
Dodging        | |  4.6

Action                   |  1- 3 |  4- 6 || total
-------------------------+-------+-------++-------
Melee: Trident           |    75 |       ||    75
 Fire: Hunting sling     |    59 |    18 ||    77
  Use: Scroll            |     2 |       ||     2
  Eat: Chunk             |     2 |     1 ||     3
Armor: Leather armour    |     2 |       ||     2
       Chain mail        |    53 |     4 ||    57
Dodge: Dodged            |    42 |     2 ||    44
